 Dungeon Crawl Stone Soup version 0.24-a0-140-gcaa6c10 (webtiles) character file.

Game seed: 0

27459 Lanoc the Unseen (level 13, -7/90 HPs)
             Began as an Octopode Assassin on Mar 4, 2019.
             Was the Champion of Makhleb.
             Mangled by George's ghost (25 damage)
             ... on level 2 of the Orcish Mines.
             The game lasted 00:52:33 (16634 turns).

Lanoc the Unseen (Octopode Assassin)               Turns: 16634, Time: 00:52:33

Health: -7/90      AC:  1    Str: 15    XL:     13   Next: 32%
Magic:  13/13      EV: 35    Int: 20    God:    Makhleb [******]
Gold:   710        SH:  4    Dex: 23    Spells: 7/12 levels left

rFire    + . .     SeeInvis +   C - +0 quick blade of the Final Decision {pierce, rF+}
rCold    + . .     Gourm    .   (no shield)
rNeg     . . .     Faith    .   (helmet restricted)
rPois    +         Spirit   .   T - amulet "Zeith" {Reflect MR++ Int+3 SH+4}
rElec    .         Reflect  +   h - +3 ring of intelligence
rCorr    .         Harm     .   j - ring of poison resistance
MR       ++...                  q - ring of see invisible
Stlth    +++++++++.             u - +4 ring of evasion
HPRegen  0.25/turn              D - +4 ring of evasion
MPRegen  0.13/turn              z - ring of protection from cold
                                J - +2 ring of slaying
                                (no ring)

@: mighty, agile, hasted, very quick
A: almost no armour, stealthy swim, amphibious, 8 rings, constrict 8, camouflage
1, gelatinous body 1
a: Minor Destruction, Lesser Servant of Makhleb, Major Destruction, Greater
Servant of Makhleb, Renounce Religion


You were on level 2 of the Orcish Mines.
You worshipped Makhleb.
Makhleb was exalted by your worship.
You were full.

You visited 2 branches of the dungeon, and saw 16 of its levels.
You also visited: Sewer.

You collected 1391 gold pieces.
You spent 681 gold pieces at shops.

Inventory:

Hand Weapons
 a - a +2 short sword of protection
 b - a +0 blowgun
 C - the +0 quick blade of the Final Decision (weapon) {pierce, rF+}
   (You acquired it on level 11 of the Dungeon)

   It inflicts extra damage upon your enemies.
   It protects you from fire.
 N - a +2 dagger of holy wrath
Missiles
 c - 68 poisoned needles
 d - 3 curare-tipped needles
Jewellery
 h - a +3 ring of intelligence (left tentacle)
 j - a ring of poison resistance (right tentacle)
 q - a ring of see invisible (on tentacle)
 u - a +4 ring of evasion (on tentacle)
 z - a ring of protection from cold (on tentacle)
 D - a +4 ring of evasion (on tentacle)
 J - a +2 ring of slaying (on tentacle)
 T - the amulet "Zeith" (around mantle) {Reflect MR++ Int+3 SH+4}
   (You bought it in a shop on level 1 of the Orcish Mines)

   [amulet of reflection]

   It shields you and reflects attacks.
   It affects your intelligence (+3).
   It affects your resistance to hostile enchantments.
   It affects your SH (+4).
Wands
 t - a wand of paralysis (20)
 y - a wand of flame (30)
 F - a wand of enslavement (8)
 L - a wand of iceblast (14)
Scrolls
 e - 4 scrolls of fog
 g - 6 scrolls of immolation
 i - 4 scrolls of magic mapping {unknown}
 o - 12 scrolls of remove curse
 p - 2 scrolls of fear
 s - 3 scrolls of blinking
 w - 3 scrolls of enchant weapon
 H - 5 scrolls of teleportation
 I - 2 scrolls of amnesia
 M - a scroll of enchant armour {unknown}
 P - 2 scrolls of noise {unknown}
Potions
 k - 3 potions of brilliance
 l - 2 potions of might
 n - 7 potions of curing
 r - 3 potions of magic
 v - a potion of mutation
 x - 2 potions of cancellation
 A - 2 potions of flight
 B - 3 potions of agility
 K - a potion of lignification
Comestibles
 f - 26 rations


   Skills:
 + Level 9.5 Fighting
 - Level 10.0 Short Blades
 - Level 2.0 Throwing
 + Level 9.3 Dodging
 * Level 17.8 Stealth
 + Level 6.0 Hexes
 + Level 5.3 Earth Magic


You had 7 spell levels left.
You knew the following spells:

 Your Spells              Type           Power        Failure   Level  Hunger
a - Dazzling Spray        Conj/Hex       ##....       17%         3    ####...
c - Passwall              Tmut/Erth      ##......     10%         2    ###....

Your spell library contained the following spells:

 Spells                   Type           Power        Failure   Level  Hunger
 Sandblast                Erth           ###...       2%          1    ##.....
 Freeze                   Ice            #...         19%         1    ##.....
 Magic Dart               Conj           #...         19%         1    ##.....
 Stone Arrow              Conj/Erth      ##....       19%         3    ####...
 Leda's Liquefaction      Hex/Erth       ###.......   19%         4    #####..
 Searing Ray              Conj           #.....       28%         2    ###....
 Throw Frost              Conj/Ice       #.....       28%         2    ###....
 Ozocubu's Armour         Chrm/Ice       #.......     50%         3    ####...
 Fulminant Prism          Conj/Hex       ##........   50%         4    #####..
 Lee's Rapid Deconstruct  Erth           ###.......   52%         5    ######.
 Petrify                  Tmut/Erth      ##......     54%         4    #####..
 Force Lance              Conj/Tloc      #.......     88%         4    #####..
 Iskenderun's Mystic Bla  Conj           #.......     88%         4    #####..
 Summon Ice Beast         Ice/Summ       #.......     88%         4    #####..
 Throw Icicle             Conj/Ice       #.......     88%         4    #####..
 Bolt of Magma            Conj/Fire/Erth #.........   95%         5    ######.
 Iron Shot                Conj/Erth      ##........   100%        6    #######
 Statue Form              Tmut/Erth      ##.......    100%        6    #######
 Shatter                  Erth           ###.......   100%        9    #######


Dungeon Overview and Level Annotations

Branches:
Dungeon (14/15)            Temple (0/1) D:7            Lair (0/6) D:9
    Orc (2/2) D:9          Vaults (0/5) D:14
    Elf: Orc:2

Altars:
Cheibriados
Dithmenos
Fedhas
Gozag
Hepliaklqana
Kikubaaqudgha
Makhleb
Ru
Trog
Vehumet
Wu Jian
Zin

Shops:
D:7 (   Orc:1 =

Annotations:
Orc:2 George's ghost, journeyman MiFi


Innate Abilities, Weirdness & Mutations

You cannot wear most types of armour.
You are very stealthy in the water. (Stealth+)
You are amphibious.
You can wear up to eight rings at the same time.
You can use your tentacles to constrict eight enemies at once.
Your skin changes colour to match your surroundings (Stealth+).
Your rubbery body absorbs attacks. (AC +1, EV +1)


Message History

Evoke which item? (* to show all) (? for menu, Esc to quit)
Aiming: Cloud Cone
Press: ? - help, Dir - move target cursor, f/p - George's ghost
Aim: George's ghost, wielding a weapon of electrocution (poison gas, moderately damaged)
You create a blast of poison gas!
Evoke which item? (* to show all) (? for menu, Esc to quit)
Aiming: Cloud Cone
Press: ? - help, Dir - move target cursor, f/p - George's ghost
Aim: George's ghost, wielding a weapon of electrocution (poison gas, moderately damaged)
You create a blast of flame!
The now-empty wand crumbles to dust.
George's ghost misses you.
You barely miss George's ghost.
George's ghost is moderately damaged.
You hit George's ghost but do no damage.
Your squeeze misses George's ghost.
George's ghost is moderately damaged.
You closely miss George's ghost.
George's ghost is moderately damaged.
George's ghost hits you!!
You die...

## #### #.# #§@# ##..###
##W#### ##.....# #§§...#
##.....###
#####....#####..<...#.#
##.........#.##........#
#......................#
#####................#....
##.#......##........#####..
#........#####.......# #..


You could see George's ghost.

Vanquished Creatures
  An ettin (D:9)
  Harold (D:7)
  Erolcha (D:11)
  A centaur warrior (D:14)
  A catoblepas (D:13)
  3 two-headed ogres
  4 skeletal warriors (D:12)
  Pikel (D:9)
  An ugly thing (D:12)
  A manticore (D:12)
  An orc sorcerer (Orc:1)
  2 cyclopes
  A centaur zombie (D:13)
  A gargoyle (D:10)
  A freezing wraith (D:14)
  3 trolls
  A hornet (D:10)
  Prince Ribbit (D:7)
  2 hippogriffs (D:12)
  8 slime creatures (D:12)
  Eustachio (D:5)
  22 yaks
  A wraith (D:11)
  Grum (D:11)
  3 hungry ghosts
  8 wargs
  A water moccasin (D:12)
  Duvessa (D:5)
  A sky beast (D:6)
  A slave (D:9)
  3 black bears
  3 ice beasts
  13 orc warriors
  A phantom (D:12)
  11 ogres
  A necrophage (D:12)
  9 wolves
  8 centaurs
  A crocodile (D:9)
  4 big kobolds
  12 bullfrogs
  A wyvern zombie (D:10)
  A wyvern skeleton (D:9)
  Dowan (D:5)
  A scorpion (D:9)
  5 killer bees (D:11)
  11 wights
  6 howler monkeys
  11 crimson imps
  2 bullfrog zombies
  2 hounds
  10 orc priests
  2 bullfrog skeletons
  Jessica (D:2)
  21 orc wizards
  8 worker ants
  A worker ant zombie (D:8)
  18 adders
  7 gnolls
  6 river rats
  2 shadow imps (D:9)
  2 oozes (D:2)
  2 worms
  A dart slug (D:1)
  6 leopard geckos
  71 orcs
  2 giant cockroaches
  16 goblins
  14 hobgoblins
  8 jackals
  25 kobolds
  4 quokkas
  15 ball pythons
  5 bats
  4 frilled lizards
  A quokka skeleton (D:6)
  38 rats
473 creatures vanquished.

Vanquished Creatures (others)
  A worker ant (D:14)
  An adder skeleton (D:9)
2 creatures vanquished.

Grand Total: 475 creatures vanquished

Notes
Turn   | Place    | Note
-------+----------+-------------------------------------------
     0 | D:1      | Lanoc the Octopode Assassin began the quest for the Orb.
     0 | D:1      | Reached XP level 1. HP: 14/14 MP: 1/1
   172 | D:1      | Reached XP level 2. HP: 19/19 MP: 2/2
  1120 | D:2      | Reached XP level 3. HP: 24/24 MP: 3/3
  1218 | D:2      | Found a faded altar of an unknown god.
  1221 | D:2      | Became a worshipper of Makhleb the Destroyer
  1221 | D:2      | Reached * piety under Makhleb
  1273 | D:2      | Reached skill level 6 in Stealth
  1791 | D:2      | Noticed Jessica
  1803 | D:2      | Killed Jessica
  1803 | D:2      | Reached XP level 4. HP: 24/30 MP: 4/4
  1935 | D:2      | Found an opulent altar of Gozag.
  1936 | D:2      | Found a glowing silver altar of Zin.
  2099 | D:2      | Found a burning altar of Makhleb.
  2099 | D:2      | Noticed a balrug
  2221 | D:3      | Found a snail-covered altar of Cheibriados.
  2221 | D:3      | Found an ornate altar of the Wu Jian Council.
  2294 | D:3      | Reached XP level 5. HP: 25/35 MP: 5/5
  2384 | D:3      | Reached ** piety under Makhleb
  2425 | D:3      | Found a glowing drain.
  2501 | Sewer    | Entered a sewer
  2583 | Sewer    | Reached skill level 7 in Stealth
  2595 | Sewer    | Reached XP level 6. HP: 38/41 MP: 6/6
  2679 | Sewer    | Reached *** piety under Makhleb
  3341 | D:3      | Reached XP level 7. HP: 46/46 MP: 7/7
  3352 | D:3      | Reached skill level 8 in Stealth
  3630 | D:3      | Found a sacrificial altar of Ru.
  4565 | D:4      | Reached skill level 5 in Short Blades
  4714 | D:4      | Found a burning altar of Makhleb.
  4715 | D:4      | Found a radiant altar of Vehumet.
  4919 | D:5      | Entered Level 5 of the Dungeon
  4945 | D:5      | Noticed Duvessa
  4945 | D:5      | Noticed Dowan
  4947 | D:5      | Killed Dowan
  5284 | D:5      | Killed Duvessa
  5284 | D:5      | Reached skill level 9 in Stealth
  5441 | D:5      | Reached XP level 8. HP: 54/54 MP: 8/8
  5553 | D:5      | Reached **** piety under Makhleb
  5768 | D:5      | Noticed Eustachio
  5775 | D:5      | Killed Eustachio
  6542 | D:6      | Reached skill level 10 in Stealth
  6655 | D:6      | Reached XP level 9. HP: 41/59 MP: 9/9
  6710 | D:6      | Found a hazy altar of Hepliaklqana.
  7012 | D:6      | Reached skill level 5 in Fighting
  7071 | D:7      | Noticed Harold
  7083 | D:7      | Killed Harold
  7083 | D:7      | Reached skill level 5 in Dodging
  7083 | D:7      | Reached skill level 11 in Stealth
  7355 | D:7      | Found a staircase to the Ecumenical Temple.
  7358 | D:7      | Reached skill level 12 in Stealth
  7411 | D:7      | Reached XP level 10. HP: 49/68 MP: 10/10
  7638 | D:7      | Noticed Prince Ribbit
  7675 | D:7      | Killed Prince Ribbit
  7722 | D:7      | Found Aratunef's Weapon Shop.
  7924 | D:7      | Found a blossoming altar of Fedhas.
  8999 | D:8      | Reached ***** piety under Makhleb
  9045 | D:8      | Found an ancient bone altar of Kikubaaqudgha.
  9131 | D:9      | Found a bloodstained altar of Trog.
  9156 | D:9      | Found a shadowy altar of Dithmenos.
  9178 | D:9      | Noticed Pikel
  9407 | D:9      | Found a staircase to the Orcish Mines.
  9459 | D:9      | Reached skill level 13 in Stealth
  9720 | D:9      | Found a sacrificial altar of Ru.
  9888 | D:9      | Killed Pikel
  9992 | D:9      | Found a staircase to the Lair.
 10038 | D:9      | Noticed a two-headed ogre
 10041 | D:9      | Killed a two-headed ogre
 10041 | D:9      | Reached XP level 11. HP: 74/74 MP: 11/11
 10277 | D:10     | Entered Level 10 of the Dungeon
 10306 | D:10     | Reached skill level 14 in Stealth
 10308 | D:10     | Reached skill level 10 in Short Blades
 10318 | D:10     | Learned a level 3 spell: Dazzling Spray
 10857 | D:11     | Reached skill level 1 in Hexes
 11130 | D:11     | Noticed Grum
 11178 | D:11     | Killed Grum
 11219 | D:11     | Noticed Erolcha
 11226 | D:11     | Killed Erolcha
 11286 | D:11     | Learned a level 6 spell: Statue Form
 11328 | D:11     | Identified a scroll of acquirement
 11337 | D:11     | Got a pitted quick blade
 11338 | D:11     | Identified the +0 quick blade of the Final Decision
                  | {pierce, rF+} (You acquired it on level 11 of the Dungeon)
 11420 | D:11     | Reached skill level 15 in Stealth
 11720 | D:12     | Noticed a manticore
 11722 | D:12     | Noticed a red ugly thing
 11724 | D:12     | Killed a red ugly thing
 11724 | D:12     | Reached skill level 1 in Earth Magic
 11729 | D:12     | Killed a manticore
 11813 | D:12     | Noticed a skeletal warrior
 11813 | D:12     | Noticed a skeletal warrior
 11813 | D:12     | Noticed a skeletal warrior
 11813 | D:12     | Noticed a skeletal warrior
 11815 | D:12     | Killed a skeletal warrior
 11815 | D:12     | Reached ****** piety under Makhleb
 11817 | D:12     | Killed a skeletal warrior
 11820 | D:12     | Killed a skeletal warrior
 11821 | D:12     | Killed a skeletal warrior
 11821 | D:12     | Reached XP level 12. HP: 82/82 MP: 12/12
 12170 | D:12     | Reached skill level 16 in Stealth
 12226 | D:12     | Noticed a two-headed ogre
 12253 | D:12     | Killed a two-headed ogre
 12621 | D:12     | Noticed a two-headed ogre
 12644 | D:12     | Killed a two-headed ogre
 13245 | D:12     | Reached skill level 5 in Hexes
 13573 | D:13     | Reached skill level 17 in Stealth
 13705 | D:13     | Noticed a five-headed hydra
 13858 | D:13     | Noticed a catoblepas
 13865 | D:13     | Killed a catoblepas
 14203 | D:14     | Noticed a centaur warrior
 14222 | D:14     | Killed a centaur warrior
 14222 | D:14     | Reached XP level 13. HP: 47/90 MP: 13/13
 14443 | D:14     | Found a gate to the Vaults.
 14443 | D:14     | Noticed a vault guard
 14443 | D:14     | Noticed a vault guard
 14443 | D:14     | Noticed a vault guard
 14443 | D:14     | Noticed a vault guard
 14613 | Orc:1    | Entered Level 1 of the Orcish Mines
 15108 | D:9      | Learned a level 2 spell: Passwall
 15240 | D:9      | Reached skill level 5 in Earth Magic
 15373 | Orc:1    | Noticed an ettin
 15407 | D:9      | Killed an ettin
 15534 | Orc:1    | Found Paivisiq's Jewellery Shoppe.
 15549 | Orc:1    | Bought the amulet "Zeith" {Reflect MR++ Int+3 SH+4} for 681
                  | gold pieces
 15586 | Orc:1    | Found a bloodstained altar of Trog.
 16089 | Orc:2    | Entered Level 2 of the Orcish Mines
 16285 | Orc:2    | Found a runed translucent gate.
 16285 | Orc:2    | Found a runed translucent gate.
 16285 | Orc:2    | Found a runed translucent gate.
 16287 | Orc:2    | Found an opulent altar of Gozag.
 16290 | Orc:2    | Noticed George's ghost (journeyman MiFi)
 16634 | Orc:2    | Mangled by George's ghost

Levels and vault maps discovered:
D:1:      dpeg_arrival_ratfight, layout_basic
D:2:      layout_basic, grunt_temple_overflow_gold_and_silver,
          chequers_ecumenical_altar_grove, makhleb_altar_promises_db,
          uniq_jessica
D:3:      cheibrodos_greedy_goblins, layout_basic, lemuel_doored_altar,
          grunt_temple_overflow_open, first_ration, portal_sewer_entry_a
D:4:      layout_loops_cross, grunt_temple_overflow_lords_of_destruction,
          minmay_door_square
D:5:      layout_gridville, uniq_duvessa, uniq_eustachio
D:6:      layout_gridville, nicolae_overflow_crystal_walls, small_statue_alley_b
D:7:      layout_loops_ring, fedhas_altar_4, minmay_temple_entry_statues,
          serial_shops, kennysheep_little_box, uniq_prince_ribbit1, uniq_harold
D:8:      layout_basic, kiku_gazebo_pond_becter, blue_anna_alchemist
          [blue_anna_fruit_fields, blue_anna_fruit_fields], minivault_14,
          serial_park_tiny_pond, minmay_puff
D:9:      layout_roguey, overflow_temple_1_default, grunt_dithmenos_smoke,
          lair_entry_dummy, david_orc_1_choice, basic_altar,
          palyth_stone_intersect, roderic_serpentine_path, st_stairs_14,
          uniq_pikel
D:10:     layout_basic
D:11:     layout_roguey, kennysheep_generic_room_8, uniq_grum, uniq_erolcha
D:12:     layout_basic
D:13:     layout_loops_ring, corexii_leaking_fountain
D:14:     layout_gridville, lightli_vaults_fourway_checkpoint,
          minmay_misc_feat_rows
Orc:1:    layout_caves, basic_altar, serial_shops, shop_fountains, mines5_lemuel
Orc:2:    st_orc_rangers, layout_diamond_mine, ebering_ghost_gozag
Sewer:    sewer_minmay_w

Skill      XL: |  1  2  3  4  5  6  7  8  9 10 11 12 13 |
---------------+----------------------------------------+-----
Stealth        | 6 7 9 10 12 13 15 17 | 17.8
Short Blades   | 3 4 5 6 8 9 10 | 10.0
Dodging        | 2 3 4 5 6 7 8 9 |  9.3
Fighting       | 3 4 5 6 8 9 |  9.5
Hexes          | 3 5 6 |  6.0
Earth Magic    | 2 4 5 |  5.3
Throwing       | |  2.0

Action                   |  1- 3 |  4- 6 |  7- 9 | 10-12 | 13-15 || total
-------------------------+-------+-------+-------+-------+-------++-------
Melee: Dagger            |    78 |   160 |   247 |   368 |    13 ||   866
       Constrict         |    18 |    37 |    31 |    90 |    44 ||   220
       Tentacles         |    10 |    30 |    56 |   307 |   100 ||   503
       Quick blade       |       |       |       |   676 |   410 ||  1086
       Short sword       |       |       |       |    60 |       ||    60
 Fire: Blowgun           |    13 |     9 |    64 |   132 |    12 ||   230
 Cast: Dazzling Spray    |       |       |       |     1 |     2 ||     3
Evoke: Wand              |       |       |       |       |     5 ||     5
  Use: Scroll            |       |     9 |     2 |    17 |     3 ||    31
       Potion            |       |     2 |     1 |     7 |     8 ||    18
 Stab: Sleeping          |     6 |    16 |    24 |    56 |     2 ||   104
       Distracted        |       |       |     1 |     2 |       ||     3
  Eat: Chunk             |     3 |     4 |    11 |    36 |     5 ||    59
       Ration            |       |       |     2 |       |       ||     2
Armor: Skin              |     3 |     8 |     5 |     5 |     3 ||    24
Dodge: Dodged            |    35 |   156 |   162 |   534 |   198 ||  1085
Block: Other             |       |       |       |       |    26 ||    26

Table legend:
 A = Non-vault XP
 B = Vault XP
 C = Vault XP percentage of total XP
 D = Non-vault monster count
 E = Vault monster count
 F = Vault count percentage of total count
                 A         B        C        D         E       F
            +---------+---------+-------+---------+---------+-------
      Total |   32343 |    6885 |  17.6 |     366 |     107 |  22.6
            +---------+---------+-------+---------+---------+-------
        D:1 |      28 |       5 |  15.2 |      16 |       5 |  23.8
        D:2 |      72 |      37 |  33.9 |      20 |       1 |   4.8
        D:3 |     192 |      61 |  24.1 |      26 |      16 |  38.1
        D:4 |     241 |      50 |  17.2 |      13 |       1 |   7.1
        D:5 |     108 |     412 |  79.2 |      11 |       3 |  21.4
        D:6 |    1374 |       0 |   0.0 |      26 |       0 |   0.0
        D:7 |    1033 |    1271 |  55.2 |      15 |       2 |  11.8
        D:8 |     432 |     310 |  41.8 |      20 |       3 |  13.0
        D:9 |    4727 |    1411 |  23.0 |      55 |      11 |  16.7
       D:10 |    1647 |       0 |   0.0 |      21 |       0 |   0.0
       D:11 |    2018 |    1637 |  44.8 |      25 |       6 |  19.4
       D:12 |   14276 |       0 |   0.0 |      68 |       0 |   0.0
       D:13 |    2440 |       0 |   0.0 |      12 |       0 |   0.0
       D:14 |    1273 |       0 |   0.0 |       2 |       0 |   0.0
      Orc:1 |    2082 |    1231 |  37.2 |      30 |      10 |  25.0
      Orc:2 |     400 |     161 |  28.7 |       6 |       1 |  14.3
      Sewer |       0 |     299 | 100.0 |       0 |      48 | 100.0
            +---------+---------+-------+---------+---------+-------
